 Dungeon Crawl Stone Soup version 0.29-a0-892-g2c4c91d9db (webtiles) character file.

Game seed: 9193258706249370321

53 Pooter the Trooper (level 3, -7/33 HPs)
             Began as a Minotaur Fighter on July 22, 2022.
             Killed from afar by Ijyb (10 damage)
             ... with a bolt of dispelling energy
             ... on level 2 of the Dungeon.
             The game lasted 00:05:54 (1659 turns).

Pooter the Trooper (Minotaur Fighter)               Turns: 1659, Time: 00:05:55

Health: -7/33      AC:  6    Str: 22    XL:     3   Next: 62%
Magic:  2/2        EV:  9    Int:  5    God:
Gold:   171        SH:  4    Dex:  9    Spells: 2/2 levels left

rFire   . . .      SeeInvis .   a - +0 war axe
rCold   . . .      Faith    .   c - +0 buckler
rNeg    . . .      Spirit   .   i - +0 scale mail
rPois   .          Reflect  .   (helmet restricted)
rElec   .          Harm     .   (no cloak)
rCorr   .          Rampage  .   (no gloves)
Will    .....                   (no boots)
Stlth   ..........              (no amulet)
HPRegen 0.11/turn               (no ring)
MPRegen 0.08/turn               (no ring)

@: no status effects
A: horns 2, retaliatory headbutt
a: no special abilities


You were on level 2 of the Dungeon.
You visited 1 branch of the dungeon, and saw 3 of its levels.

You collected 171 gold pieces.

Inventory:

Hand Weapons
 a - a +0 war axe (weapon)
 b - a +0 sling
   (You found it on level 1 of the Dungeon)
Missiles
 Q - 26 stones (quivered)
Armour
 c - a +0 buckler (worn)
 i - a +0 scale mail (worn)
Scrolls
 e - a scroll of teleportation {unknown}
 f - a scroll of identify {unknown}
 j - a scroll of enchant armour {unknown}
 l - a scroll of acquirement {unknown}
 m - a scroll of enchant weapon {unknown}
Potions
 d - a potion of might
 g - 2 potions of flight {unknown}
 h - 3 potions of degeneration {unknown}
 k - a potion of brilliance {unknown}


   Skills:
 + Level 4.2 Fighting
 * Level 4.0 Axes
 * Level 1.3 Ranged Weapons
 - Level 3.6 Armour
 - Level 3.6 Shields


You had 2 spell levels left.
You didn't know any spells.
Your spell library was empty.

Dungeon Overview and Level Annotations

Branches:
Dungeon (3/15)

Altars:

Annotations:
D:2 Ijyb


Innate Abilities, Weirdness & Mutations

You have a pair of horns on your head.
You reflexively headbutt those who attack you in melee.


Message History

Found a stone staircase leading up.
Found 18 gold pieces.
You now have 171 gold pieces (gained 18).
You see here a bat corpse.
Things that are here:
a quokka skeleton; a hobgoblin skeleton
There is a stone staircase leading up here.
You see here a +0 short sword.
Found a scroll labelled SUITEOPNEO.
m - a scroll labelled SUITEOPNEO Done exploring.
There is a stone staircase leading down here.
You climb downwards.
Ijyb shouts!
Found a stone staircase leading up.
There is a stone staircase leading up here.
You aren't carrying any items that you can evoke.
Okay, then.
You shoot a sling bullet. The sling bullet hits Ijyb.
Ijyb screams, "Me stronger than you!"
You shoot a sling bullet.
The sling bullet hits Ijyb but does no damage.
You shoot a sling bullet. The sling bullet closely misses Ijyb.
a - a +0 war axe (weapon)
A frilled lizard comes into view.
The frilled lizard hisses angrily.
Ijyb hits you with a +3 club.
You climb upwards.
There is a stone staircase leading down here.
You closely miss Ijyb. Ijyb hits you with a +3 club.
You barely miss Ijyb. Your headbutt misses Ijyb. Ijyb barely misses you.
You furiously retaliate!
You headbutt Ijyb. You hit Ijyb. You headbutt Ijyb, but do no damage.
Ijyb hits you with a +3 club. Ijyb hits you with a +3 club!
You slash Ijyb! Ijyb completely misses you.
You hit Ijyb but do no damage. Your headbutt misses Ijyb.
Ijyb barely misses you.
You closely miss Ijyb. Ijyb hits you with a +3 club.
* * * LOW HITPOINT WARNING * * *
Ijyb hits you but does no damage.
You closely miss Ijyb. Ijyb hits you but does no damage.
You completely miss Ijyb.
Ijyb zaps a wand.
The bolt of dispelling energy hits you!
* * * LOW HITPOINT WARNING * * *
You hit Ijyb. Your headbutt misses Ijyb. Ijyb hits you with a +3 club.
* * * LOW HITPOINT WARNING * * *
Ijyb zaps a wand.
The bolt of dispelling energy hits you!
You die...

.#......#.###..#..###.###......#
.#...#..#......#..#.#..........#
.#.......#.....#....#..##......#
.#.#.###.#.###.#.##.#.......[..#
.#.#.....#.# #...##.##.#.......#
.#.#######.# ##..##.##.#.......#
.#.#.#.....# #..##.##.#.########
.#<..#.##### ##g##.##.#.........
.#####.# ####@##.##.##########
.......# #....#.....# ########
#....####### #....# #....#
###### #....# .....# #....#
.....# #....# .....# ######


You could see Ijyb.

Vanquished Creatures
  An adder (D:2)
  A dart slug (D:2)
  2 endoplasms
  A giant cockroach (D:2)
  5 hobgoblins
  6 jackals
  2 kobolds (D:1)
  3 quokkas
  4 ball pythons
  4 bats
  4 frilled lizards (D:1)
  2 goblins (D:2)
  5 rats
40 creatures vanquished.

Notes
Turn   | Place    | Note
-------+----------+-------------------------------------------
     0 | D:1      | Pooter the Minotaur Fighter began the quest for the Orb.
     0 | D:1      | Reached XP level 1. HP: 19/19 MP: 0/0
     0 | D:1      | Noticed an orb of fire
     1 | D:1      | Noticed an iron dragon
     1 | D:1      | Noticed an iron dragon
     3 | D:1      | Noticed an orb of fire
     5 | D:1      | Noticed an orb of fire
     6 | D:1      | Noticed a large abomination
     7 | D:1      | Noticed an orb of fire
     8 | D:1      | Noticed an orb of fire
    10 | D:1      | Noticed an orb of fire
    12 | D:1      | Noticed an orb of fire
    13 | D:1      | Noticed a red draconian
    16 | D:1      | Noticed an orb of fire
    16 | D:1      | Noticed a red draconian
    18 | D:1      | Noticed a tentacled monstrosity
    20 | D:1      | Noticed an ice dragon
    20 | D:1      | Noticed a shadow dragon
    22 | D:1      | Noticed a tentacled monstrosity
   578 | D:1      | Reached XP level 2. HP: 27/27 MP: 1/1
  1027 | D:2      | Reached skill level 1 in Ranged Weapons
  1027 | D:2      | Reached XP level 3. HP: 27/33 MP: 2/2
  1644 | D:3      | Noticed Ijyb
  1659 | D:2      | Killed from afar by Ijyb

Illustrated notes

Levels and vault maps discovered:
D:1:      shiori_arrival_whats_in_store_for_you, layout_basic
D:2:      layout_basic
D:3:      layout_loops_corners, mainiacjoe_overflow_brackets,
          basic_ecumenical_altar, st_stairs_14, uniq_ijyb, uniq_natasha

Skill      XL: |  1  2  3 |
---------------+----------+-----
Axes           | 3 4 |  4.0
Fighting       | 4 |  4.2
Ranged Weapons | 1 |  1.3
Armour         | |  3.6
Shields        | |  3.6

Action                   || total
-------------------------++-------
Melee: War axe           ||    65
       Headbutt          ||     5
 Fire: Sling             ||    47
Armor: Scale mail        ||    36
Dodge: Dodged            ||    38
Block: Buckler           ||    18

Table legend: (Time is in decaauts)
 A = Elapsed time spent in this place.
 B = Non-inter-level travel time spent in this place.
 C = Inter-level travel time spent in this place.
 D = Time resting spent in this place.
 E = Time spent auto-exploring this place.
 F = Levels seen in this place.
 G = Mean time per level.
                   A        B        C        D        E       F      G
               +--------+--------+--------+--------+--------+-----+--------+
         Total |   1702 |   1615 |     87 |      0 |   1310 |   3 |  567.3 |
       Dungeon |   1702 |   1615 |     87 |      0 |   1310 |   3 |  567.3 |
               +--------+--------+--------+--------+--------+-----+--------+

Top non-repeatable levels by time:
     D:1: 890 daAuts
     D:2: 804 daAuts
     D:3: 6 daAuts
